 Dungeon Sprint DCSS version 0.31-a0-920-g28cbb04a8c (webtiles) character file.

Game seed: 9517473013373372285

905 sircluck the Grappler (level 7, -6/81 HPs)
             Began as a Troll Berserker on Oct 17, 2023.
             Was the Champion of Trog.
             Mangled by a shadow wraith (18 damage)
             ... in the Dungeon (Sprint VII: "The Pits").
             The game lasted 00:00:56 (292 turns).

sircluck the Grappler (Troll Berserker)              Turns: 292, Time: 00:00:56

Health: -6/81      AC:  5    Str: 28    XL:     7   Next: 80%
Magic:  6/6        EV: 11    Int:  3    God:    Trog [******]
Gold:   0          SH:  0    Dex:  9    Spells: 6/6 levels left

rFire   . .          .
                       - Unarmed
rCold   . . .        (no shield)
rNeg    . . .        k - +0 troll leather armour {Pargi}
rPois   .            (helmet restricted)
rElec   .            (no cloak)
rCorr   .            (gloves unavailable)
SInv    .            (boots unavailable)
Will    .....        (no amulet)
Stlth   +            (no ring)
HPRegen 1.93/turn    (no ring)
MPRegen 0.10/turn

%: no teleportation
@: slowed, very slow
A: large, unfitting armour, claws 3, regeneration 1, shaggy fur 1, tough skin 1
a: Renounce Religion, Berserk, Trog's Hand, Brothers in Arms


You were in the Dungeon.
You worshipped Trog.
Trog was exalted by your worship.
You visited 1 branch

Inventory:

Armour
 a - a +0 animal skin
 k - a +0 troll leather armour (worn) {Pargi}
Scrolls
 g - a scroll of blinking
 i - 2 scrolls of vulnerability
 j - a scroll of summoning
Potions
 b - 6 potions of curing
 c - 6 potions of heal wounds
 d - a potion of haste
 e - 4 potions of magic
 f - 3 potions of berserk rage
 h - 2 potions of invisibility


   Skills:
 + Level 8.5 Fighting
 + Level 3.4 Armour
 + Level 8.4 Dodging
 + Level 10.1 Unarmed Combat


You had 6 spell levels left.
You didn't know any spells.
Your spell library was empty.

Dungeon Overview and Level Annotations

Branches:
Dungeon (1/1)

Altars:
Ashenzari
Cheibriados
Dithmenos
Elyvilon
Fedhas
Gozag
Hepliaklqana
Kikubaaqudgha
Makhleb
Nemelex Xobeh
Okawaru
Qazlal
Ru
Sif Muna
Trog
Uskayaw
Vehumet
Wu Jian
Xom
Yredelemnul
Zin
The Shining One
Jiyva
Lugonu


Innate Abilities, Weirdness & Mutations

You are too large for most types of armour.
You have claws for hands.
Your natural rate of healing is unusually fast.
You are covered in fur. (AC +1)
You have tough skin. (AC +1)


Message History

You scratch the kobold brigand.
You kill the kobold brigand!
Trog accepts your kill.
You mangle the orc!!
You kill the orc!
Trog accepts your kill. The orc barely misses you.
Items here: ( )) [ †.
You claw the orc!
You kill the orc!
Trog accepts your kill.
Things that are here:
a +0 whip; a +0 leather armour
Items here: ( )) [ †.
There is an open door here.
Things that are here:
a +0 club; an orc corpse You open the door.
A hell rat comes into view.
You hear a chilling moan.
The hell rat roars deafeningly!
Items here: ( )) [ †.
Things that are here:
a +0 whip; a +0 leather armour The hell rat completely misses you.
Items here: ( )) [ †.
You closely miss the hell rat.
Deactivating autopickup; reactivate with Ctrl-A.
You barely miss something. You scratch something but do no damage.
Something hits you.
You closely miss something. Something hits you! Something drains your vigour!
You feel yourself slow down.
You barely miss something. Something hits you!! Something drains your vigour!
You feel as though you will be slow longer.
You mangle something!! Your claw misses something. Something hits you!
You scratch something. Something hits you!!
* * * LOW HITPOINT WARNING * * *
Something drains your vigour!
You feel as though you will be slow longer.
You scratch something but do no damage. Something hits you!!
You die...

#.##)####+###.......#
#.#........##.......#
#.#........##.......#
#)#####'#####...<...#
#.#..[)))..##.......#
#.#..[)))..##.......#
#'###########.......#
#.......#).##########
#..#)#..#@##
#.##.##.#{#
#.......#r#
#.##.##.#)'..{.+
#..#.#..#'#.r..#
#.......'.#....#
########### ####


You could see a hell rat.

Vanquished Creatures
  A kobold demonologist (D)
  Menkaure (D)
  Edmund (D)
  A floating eye (D)
  Pargi (D)
  A phantom (D)
  A kobold brigand (D)
  An orc priest (D)
  An orc wizard (D)
  A mummy (D)
  A gnoll (D)
  A river rat (D)
  5 orcs (D)
  A bat (D)
  3 jackals (D)
  2 quokkas (D)
  A ball python (D)
  A frilled lizard (D)
  A rat (D)
26 creatures vanquished.

Notes
Turn   | Place    | Note
-------+----------+-------------------------------------------
     0 | D        | sircluck the Troll Berserker began the quest for the Orb.
     0 | D        | Reached XP level 1. HP: 22/22 MP: 0/0
    24 | D        | Found a bloodstained altar of Trog.
    24 | D        | Found a shimmering blue altar of Sif Muna.
    24 | D        | Found a viscous altar of Jiyva.
    24 | D        | Found a hazy altar of Hepliaklqana.
    24 | D        | Found an opulent altar of Gozag.
    25 | D        | Found a glowing golden altar of the Shining One.
    25 | D        | Found a glowing silver altar of Zin.
    25 | D        | Found a basalt altar of Yredelemnul.
    25 | D        | Found a shimmering altar of Xom.
    25 | D        | Found an ornate altar of the Wu Jian Council.
    25 | D        | Found a sacrificial altar of Ru.
    25 | D        | Found a stormy altar of Qazlal.
    25 | D        | Found an iron altar of Okawaru.
    25 | D        | Found a sparkling altar of Nemelex Xobeh.
    25 | D        | Found a burning altar of Makhleb.
    25 | D        | Found a blossoming altar of Fedhas.
    25 | D        | Found a white marble altar of Elyvilon.
    25 | D        | Found a shadowy altar of Dithmenos.
    25 | D        | Found a snail-covered altar of Cheibriados.
    28 | D        | Found a corrupted altar of Lugonu.
    28 | D        | Found a radiant altar of Vehumet.
    29 | D        | Found an ancient bone altar of Kikubaaqudgha.
    29 | D        | Found a hide-covered altar of Uskayaw.
    29 | D        | Found a broken altar of Ashenzari.
    68 | D        | Reached XP level 2. HP: 31/31 MP: 1/1
    68 | D        | Noticed a floating eye
    69 | D        | Paralysed by a floating eye for 2 turns
    74 | D        | Killed a floating eye
    74 | D        | Reached ** piety under Trog
    75 | D        | Reached skill level 5 in Fighting
    75 | D        | Reached skill level 5 in Dodging
    75 | D        | Reached skill level 6 in Unarmed Combat
    75 | D        | Reached XP level 3. HP: 37/42 MP: 2/2
    75 | D        | Reached XP level 4. HP: 44/50 MP: 3/3
   100 | D        | Noticed Edmund
   105 | D        | Reached *** piety under Trog
   110 | D        | Killed Edmund
   111 | D        | Reached skill level 7 in Unarmed Combat
   111 | D        | Reached XP level 5. HP: 55/61 MP: 4/4
   117 | D        | Reached **** piety under Trog
   177 | D        | Reached ***** piety under Trog
   178 | D        | Reached XP level 6. HP: 63/68 MP: 5/5
   187 | D        | Noticed Pargi
   189 | D        | Reached skill level 8 in Unarmed Combat
   197 | D        | Killed Pargi
   198 | D        | Reached skill level 9 in Unarmed Combat
   219 | D        | Noticed Menkaure
   222 | D        | Killed Menkaure
   223 | D        | Reached skill level 1 in Armour
   223 | D        | Reached XP level 7. HP: 57/79 MP: 6/6
   235 | D        | Noticed a kobold demonologist
   236 | D        | Noticed a smoke demon
   244 | D        | Killed a kobold demonologist
   245 | D        | Reached skill level 10 in Unarmed Combat
   264 | D        | Reached ****** piety under Trog
   292 | D        | Mangled by a shadow wraith

Illustrated notes

Levels and vault maps discovered:
D:        pitsprint [storerooms_1, entrance_room_1, metal_vault_4, armoury_3,
          mini_pit_1, grid_room_1, main_hall_1, silver_pit, the_coven_3,
          the_vestibule_1, steel_vault_2, golden_pit, hallway_of_sentries,
          crystal_vault_2, iron_vault_3, final_vault]

Skill      XL: |  1  2  3  4  5  6  7 |
---------------+----------------------+-----
Fighting       | 3 5 6 7 8 |  8.5
Dodging        | 3 5 6 7 8 |  8.4
Unarmed Combat | 6 7 9 10 | 10.1
Armour         | 1 3 |  3.4

Action                     |  1- 3 |  4- 6 |  7- 9 || total
---------------------------+-------+-------+-------++-------
  Melee: Unarmed           |     6 |    56 |    26 ||    88
         Punch             |       |     4 |     1 ||     5
   Stab: Sleeping          |     1 |       |       ||     1
 Armour: Animal skin       |     5 |    29 |       ||    34
         Troll leather arm |       |     1 |    25 ||    26
  Dodge: Dodged            |     2 |    42 |    10 ||    54

Table legend: (Time is in decaauts)
 A = Elapsed time spent in this place.
 B = Non-inter-level travel time spent in this place.
 C = Inter-level travel time spent in this place.
 D = Time resting spent in this place.
 E = Time spent auto-exploring this place.
 F = Levels seen in this place.
 G = Mean time per level.
                   A        B        C        D        E       F      G
               +--------+--------+--------+--------+--------+-----+--------+
         Total |    280 |    280 |      0 |     16 |     82 |   1 |  280.0 |
       Dungeon |    280 |    280 |      0 |     16 |     82 |   1 |  280.0 |
               +--------+--------+--------+--------+--------+-----+--------+

Top non-repeatable levels by time:
       D: 280 daAuts
